 Dungeon Crawl Stone Soup version 0.32-a0-886-g41c5271027 (webtiles) character file.

Game seed: 5211450727772642450

1162 ezpacito the Chopper (level 8, -1/60 (62) HPs)
             Began as a Coglin Chaos Knight on Apr 3, 2024.
             Was a Plaything of Xom.
             Slain by a wight
             ... wielding a +0 great sword
              (14 damage)
             ... on level 6 of the Dungeon.
             The game lasted 00:07:08 (5015 turns).

ezpacito the Chopper (Coglin Chaos Knight)          Turns: 5015, Time: 00:07:08

HP:   -1/60 (62)    AC:  8    Str: 12    XL:     8   Next: 40%
MP:   9/9           EV: 12    Int: 14    God:    Xom [.....*]
Gold: 150           SH:  0    Dex: 18    Spells: 10/10 levels left

rFire   . . .        c - +5 morningstar (chaos) {Vicente}
rCold   . . .        J - +2 flail (drain) {Gilbert}
rNeg    . . .        b - +2 leather armour
rPois   .            (helmet restricted)
rElec   .            u - +0 cloak
rCorr   .            (no gloves)
SInv    .            (no boots)
Will    .....        (amulet unavailable)
Stlth   ++           (ring unavailable)
HPRegen 0.30/turn    (ring unavailable)
MPRegen 0.11/turn    (no gizmo)

%: no passive effects
@: lightly drained, revved
A: off-hand wielding, slow wielding, warmup strikes, no jewellery, antennae 1,
iridescent scales 1, agile 1, clever 1, low MP 1, MP-powered wands
a: Invent Gizmo, Renounce Religion


You were on level 6 of the Dungeon.
You worshipped Xom.
You were Xom's teddy bear.
You visited 1 branch of the dungeon, and saw 6 of its levels.

You collected 245 gold pieces.
You spent 95 gold pieces at shops.

Inventory:

Hand Weapons
 a - a +0 hand axe of chaos {Hwan}
 c - a +5 morningstar of chaos (weapon) {Vicente}
 e - a +0 whip of holy wrath {Somchit}
 G - a +0 war axe
 H - a +0 trident
 J - a +2 flail of draining (offhand) {Gilbert}
Missiles
 E - 5 boomerangs (quivered)
 L - 4 poisoned darts
Armour
 b - a +2 leather armour (worn)
 o - a +0 helmet
 u - a +0 cloak (worn)
Talismans
 q - a blade talisman
 y - a beast talisman
 F - the maw talisman of Bitterness {Int+9 Dex-4 Slay-6}
   (You found it on level 5 of the Dungeon)

   [maw talisman]

   Int+9:     It affects your intelligence (+9).
   Dex-4:     It affects your dexterity (-4).
   Slay-6:    It affects your accuracy & damage with ranged weapons and melee
   (-6).
 M - a serpent talisman
Scrolls
 f - 2 scrolls of revelation {unknown}
 i - a scroll of vulnerability {unknown}
 j - 2 scrolls of noise {unknown}
 k - a scroll of blinking {unknown}
 p - a scroll of enchant weapon {unknown}
 r - a scroll of torment {unknown}
 s - 2 scrolls of fog {unknown}
 t - a scroll of teleportation
 w - a scroll of enchant armour {unknown}
 B - a scroll of poison {unknown}
 D - a scroll of amnesia {unknown}
Potions
 d - 2 potions of might
 g - a potion of magic {unknown}
 h - 2 potions of lignification
 l - a potion of heal wounds
 m - a potion of invisibility {unknown}
 n - a potion of cancellation {unknown}
 v - a potion of attraction
 x - a potion of mutation {unknown}
 z - 3 potions of enlightenment
 A - 2 potions of brilliance
 C - a potion of curing {unknown}
 I - a potion of degeneration {unknown}
 K - a potion of ambrosia


   Skills:
 * Level 5.0 Fighting
 * Level 5.0(5.5) Axes
 * Level 3.2(4.3) Polearms
 * Level 3.9 Armour
 * Level 3.4 Dodging
 + Level 2.0 Stealth
 + Level 1.9 Spellcasting
 + Level 1.5 Evocations


You had 10 spell levels left.
You didn't know any spells.
Your spell library contained the following spells:

 Spells                   Type           Power      Damage    Failure   Level
 Dazzling Flash           Conj/Hex       2%         N/A       67%         3
 Starburst                Conj/Fire      0%         6d3       100%        6
 Maxwell's Capacitive Co  Air            0%         ∞         100%        8


Dungeon Overview and Level Annotations

Branches:
Dungeon (6/15)
 Temple: D:4-7

Altars:
Dithmenos
Elyvilon
Nemelex Xobeh
Okawaru
Wu Jian
Xom
Zin
The Shining One

Shops:
D:2 *


Innate Abilities, Weirdness & Mutations

You can wield a second weapon in your off-hand.
It takes a long time for you to wield or remove held weapons.
Your first few attacks do less damage.
You cannot equip rings or amulets.
You have a pair of small antennae on your head.
You are partially covered in iridescent scales. (AC +2)
You are agile. (Dex +4, Str/Int -1)
Your mind is acute. (Int +4, Str/Dex -1)
Your magical capacity is low. (-10% MP)
You expend magic power (3 MP) to strengthen your wands.


Message History

The wight is heavily damaged.
You hit the wight with your +5 morningstar of chaos.
The wight barely misses you. x2
The wight hits you with a +2 dagger. The wight attacks as it pursues you!
The wight closely misses you.
You take 4 damage, and have 50/59 hp.
You hit the wight with your +2 flail of draining.
The wight is moderately damaged.
You hit the wight with your +5 morningstar of chaos.
The wight hits you with a +2 dagger.
You feel drained. The wight closely misses you. The wight barely misses you.
You take 1 damage, and have 49/57 hp.
You sock the wight with your +5 morningstar of chaos!
You destroy the wight!
The wight closely misses you. The wight barely misses you.
The wight hits you with a +2 dagger.
You feel drained.
The wight hits you with a +0 great sword!
A shower of butterflies erupts from you!
You take 21 damage, and have 28/57 hp.
MASSIVE DAMAGE!!
You sock the wight with your +5 morningstar of chaos!
You burn the wight.
The wight is severely damaged.
You hit the wight with your +2 flail of draining.
You destroy the wight!
The wight hits you with a +0 great sword!
* * * LOW HITPOINT WARNING * * *
Xom is mildly amused.
A shower of butterflies erupts from you!
Your Fighting skill increases to level 5!
Your Axes skill increases to level 5!
You take 16 damage, and have 12/60 hp.
MASSIVE DAMAGE!!
The wight closely misses you.
Things that are here:
a +2 dagger; a +0 robe You barely miss the wight with your +2 flail of draining.
The wight is almost destroyed.
You closely miss the wight with your +5 morningstar of chaos.
The wight hits you with a +0 great sword!
You die... "What!?
That's it?"

#........†.#
#..........#
.............##
###...........#
#
#...........#.#
##.########b#.#
#. #...)bb.#
#####z#.#
#b@#.# #bb..#
...##.# ###..
.# #.# # #.#
###


You could see a wight (ally target).

Vanquished Creatures
  Sigmund (D:2)
  An ogre (D:5)
  A bullfrog (D:4)
  A scorpion (D:3)
  6 wights
  A howler monkey (D:6)
  A bombardier beetle (D:5)
  A hound (D:6)
  An orc priest (D:3)
  Jessica (D:2)
  Ijyb (D:4)
  Natasha (D:3)
  3 iguanas
  An orc wizard (D:3)
  Robin (D:2)
  4 gnolls (D:6)
  6 adders
  A shadow imp (D:5)
  2 ufetubi (D:5)
  2 dart slugs
  3 orcs
  6 endoplasms
  4 giant cockroaches
  21 goblins
  11 hobgoblins
  11 jackals
  5 quokkas
  3 ball pythons
  3 bats
  3 frilled lizards
  7 kobolds
  4 rats
118 creatures vanquished.

Vanquished Creatures (others)
  A two-headed ogre (D:5)
  A wight (D:4)
2 creatures vanquished.

Grand Total: 120 creatures vanquished

Notes
Turn   | Place    | Note
-------+----------+-------------------------------------------
     0 | D:1      | ezpacito the Coglin Chaos Knight began the quest for the
                  | Orb.
     0 | D:1      | Reached XP level 1. HP: 18/18 MP: 1/1
    91 | D:1      | Reached skill level 1 in Dodging
   175 | D:1      | Reached XP level 2. HP: 24/24 MP: 2/2
   451 | D:1      | Reached XP level 3. HP: 29/29 MP: 3/3
   626 | D:2      | Noticed Sigmund
   627 | D:2      | XOM: potion effect (invisibility)
   632 | D:2      | XOM: divination: detect creatures
   635 | D:2      | Killed Sigmund
   636 | D:2      | Reached skill level 1 in Polearms
   636 | D:2      | Reached skill level 1 in Stealth
   636 | D:2      | Reached XP level 4. HP: 36/37 MP: 3/5
   636 | D:2      | Reached XP level 5. HP: 41/42 MP: 3/6
   733 | D:2      | Noticed Robin
   747 | D:2      | Killed Robin
   748 | D:2      | Reached skill level 1 in Spellcasting
   752 | D:2      | XOM: silly message
   805 | D:2      | Reached XP level 6. HP: 48/48 MP: 7/7
   811 | D:2      | Found a shadowy altar of Dithmenos.
   823 | D:2      | Noticed Jessica
   832 | D:2      | Killed Jessica
  1000 | D:2      | XOM: noise
  1120 | D:2      | Found Mapuag's Assorted Antiques.
  1125 | D:2      | Bought a ruby potion for 23 gold pieces
  1125 | D:2      | Bought a glowing grey potion for 23 gold pieces
  1125 | D:2      | Bought a sapphire potion for 23 gold pieces
  1125 | D:2      | Bought a scroll labelled PIALEH VUOTS for 26 gold pieces
  1590 | D:3      | XOM: silly message
  1654 | D:3      | Found a shadowy altar of Dithmenos.
  1791 | D:3      | XOM: smoke on damage
  2094 | D:3      | Noticed Natasha
  2099 | D:3      | Killed Natasha
  2100 | D:3      | Reached XP level 7. HP: 39/54 MP: 7/9
  2411 | D:4      | XOM: chaos upgrade
  2414 | D:4      | XOM: chaos cloud
  2415 | D:4      | XOM: 1-stop teleportation journey
  2444 | D:4      | Found a sparkling altar of Nemelex Xobeh.
  2444 | D:4      | Found an ornate altar of the Wu Jian Council.
  2444 | D:4      | Found a white marble altar of Elyvilon.
  2445 | D:4      | Found a shimmering altar of Xom.
  2472 | D:4      | XOM: summons friendly shadow imp
  2482 | D:4      | XOM: scenery: create altars
  2616 | D:4      | XOM: give mutations
  2616 | D:4      | Gained mutation: You are weak. (Str -2) [Xom's mischief]
  2616 | D:4      | Gained mutation: You are agile. (Dex +4, Str/Int -1) [Xom's
                  | mischief]
  2616 | D:4      | Gained mutation: You are partially covered in iridescent
                  | scales. (AC +2) [Xom's mischief]
  2616 | D:4      | Lost mutation: You are weak. (Str -2) [Xom's mischief]
  2783 | D:4      | XOM: give mutations
  2783 | D:4      | Gained mutation: You expend magic power (3 MP) to
                  | strengthen your wands. [Xom's mischief]
  2783 | D:4      | Gained mutation: Your magical capacity is low. (-10% MP)
                  | [Xom's mischief]
  2783 | D:4      | Gained mutation: You have a pair of small antennae on your
                  | head. [Xom's mischief]
  2783 | D:4      | Gained mutation: Your mind is acute. (Int +4, Str/Dex -1)
                  | [Xom's mischief]
  2800 | D:4      | Noticed Ijyb
  2820 | D:4      | Killed Ijyb
  2941 | D:4      | Found a glowing golden altar of the Shining One.
  2948 | D:4      | Found an iron altar of Okawaru.
  2950 | D:4      | Found a glowing silver altar of Zin.
  3443 | D:4      | XOM: torment (29/55 hp)
  3709 | D:5      | Entered Level 5 of the Dungeon
  3954 | D:5      | Identified the maw talisman of Bitterness {Int+9 Dex-4
                  | Slay-6}
  3972 | D:5      | XOM: 1-stop teleportation journey
  4206 | D:5      | XOM: 1-stop teleportation journey
  4256 | D:5      | Reached skill level 1 in Evocations
  4263 | D:5      | Reached XP level 8. HP: 49/61 MP: 9/9
  4264 | D:5      | Noticed a two-headed ogre
  4267 | D:5      | Killed a two-headed ogre
  4267 | D:5      | XOM: divine lightning
  4624 | D:6      | XOM: divination: detect creatures
  4846 | D:6      | XOM: god gift: potion of ambrosia
  5012 | D:6      | XOM: butterfly on damage
  5013 | D:6      | XOM: butterfly on damage
  5014 | D:6      | Reached skill level 5 in Fighting
  5014 | D:6      | Reached skill level 5 in Axes
  5015 | D:6      | Slain by a wight

Illustrated notes

Levels and vault maps discovered:
D:1:      dreamdust_arrival_beginning_and_end, layout_basic
D:2:      layout_basic, serial_shops, shop, basic_altar, uniq_jessica,
          uniq_robin, uniq_sigmund
D:3:      layout_basic, grunt_dithmenos_smoke, serial_bayou_lake_a, uniq_natasha
D:4:      kennysheep_goblin_castle, layout_basic,
          chequers_temple_overflow_statue_of_worship, minitemple,
          serial_park_tiny_2, hangedman_abyss_or_decor_slice
D:5:      layout_loops_cross, serial_rivers, chequers_serial_rivers_large_b,
          chequers_serial_rivers_micro_d, chequers_serial_rivers_micro_d,
          chequers_serial_rivers_micro_d, chequers_serial_rivers_room_b,
          chequers_serial_rivers_marsh
D:6:      layout_basic, mainiacjoe_overflow_surrounded_room,
          nicolae_benzene_ring

Skill      XL: |  1  2  3  4  5  6  7  8 |
---------------+-------------------------+-----
Dodging        | 1 2 3 |  3.4
Armour         | 2 3 |  3.9
Polearms       | 1 2 3 |  3.2
Stealth        | 1 2 |  2.0
Spellcasting   | 1 |  1.9
Fighting       | 4 5 |  5.0
Axes           | 4 5 |  5.0
Evocations     | 1 |  1.5

Action                     |  1- 3 |  4- 6 |  7- 9 || total
---------------------------+-------+-------+-------++-------
  Melee: Hand axe          |    41 |   119 |    59 ||   219
         Whip              |    32 |   109 |    96 ||   237
         Morningstar       |       |       |    59 ||    59
         Flail             |       |       |    10 ||    10
  Evoke: Wand              |       |       |     1 ||     1
    Use: Potion            |       |     2 |       ||     2
         Scroll            |       |       |     8 ||     8
   Stab: Sleeping          |     1 |     1 |     3 ||     5
         Invisible         |     3 |       |       ||     3
         Confused          |       |     1 |       ||     1
 Armour: Leather armour    |    23 |    99 |    82 ||   204
  Dodge: Dodged            |    17 |    45 |    95 ||   157

Table legend: (Time is in decaauts)
 A = Elapsed time spent in this place.
 B = Non-inter-level travel time spent in this place.
 C = Inter-level travel time spent in this place.
 D = Time resting spent in this place.
 E = Time spent auto-exploring this place.
 F = Levels seen in this place.
 G = Mean time per level.
                   A        B        C        D        E       F      G
               +--------+--------+--------+--------+--------+-----+--------+
         Total |   5124 |   4801 |    323 |    112 |   3775 |   6 |  854.0 |
       Dungeon |   5124 |   4801 |    323 |    112 |   3775 |   6 |  854.0 |
               +--------+--------+--------+--------+--------+-----+--------+

Top non-repeatable levels by time:
     D:4: 1416 daAuts
     D:3: 867 daAuts
     D:2: 856 daAuts
     D:5: 829 daAuts
     D:1: 628 daAuts
     D:6: 525 daAuts
